 Dungeon Crawl Stone Soup version 0.22-a0-305-gd21a89c (webtiles) character file.

65 Amnesiac the Conjurer (level 3, -4/24 HPs)
             Began as a Mummy Conjurer on Mar 31, 2018.
             Slain by a gnoll
             ... wielding a +0 spear
              (8 damage)
             ... while paralysed by Grinder
             ... on level 3 of the Dungeon.
             The game lasted 00:01:37 (1882 turns).

Amnesiac the Conjurer (Mummy Conjurer)              Turns: 1882, Time: 00:01:38

Health: -4/24      AC:  2    Str: 11    XL:     3   Next: 94%
Magic:  4/8        EV:  2    Int: 15    God:
Gold:   133        SH:  0    Dex: 12    Spells: 9/10 levels left

rFire    x . .     SeeInvis .   e - +0 dagger (flame)
rCold    + . .     Gourm    .   (no shield)
rNeg     + + +     Faith    .   a - +0 robe
rPois    ∞         Spirit   .   (no helmet)
rElec    .         Reflect  .   (no cloak)
rCorr    .         Harm     .   (no gloves)
MR       .....                  (no boots)
Stlth    ++........             (no amulet)
HPRegen  0.08/turn              (no ring)
MPRegen  0.11/turn              (no ring)

@: paralysed
A: no food or potions, fire vulnerability, cold resistance 1, negative energy
resistance 3, torment resistance, unbreathing
a: no special abilities


You were on level 3 of the Dungeon.
You were not hungry.

You visited 1 branch of the dungeon, and saw 3 of its levels.

You collected 133 gold pieces.

Inventory:

Hand Weapons
 e - a +0 dagger of flaming (weapon)
Armour
 a - a +0 robe (worn)
Jewellery
 f - an uncursed ring of protection from magic {unknown}
Scrolls
 b - a scroll of teleportation {!r, unknown}
 c - 2 scrolls of identify {!r, unknown}
 d - 3 scrolls of remove curse {!r, unknown}


   Skills:
 - Level 1.5 Dodging
 - Level 1.5 Stealth
 + Level 4.0 Spellcasting
 * Level 4.1 Conjurations


You had 9 spell levels left.
You knew the following spells:

 Your Spells              Type           Power        Failure   Level  Hunger
a - Magic Dart            Conj           ###.         3%          1    N/A

Dungeon Overview and Level Annotations

Branches:
Dungeon (3/15)

Altars:

Annotations:
D:3 Grinder


Innate Abilities, Weirdness & Mutations

You do not eat or drink.
Your flesh is vulnerable to fire.
You are immune to poison.
Your flesh is cold resistant. (rC+)
You are immune to negative energy. (rN+++)
You are immune to unholy pain and torment.
You can survive without breathing.


Message History

Unknown command.
Casting: Magic Dart (safe; 3% risk of failure)
Confirm with . or Enter, or press ? or * to list all spells.
Aiming: Magic Dart (safe; 3% risk of failure)
Press: ? - help, Shift-Dir - straight line, f/p - Grinder
Aim: Grinder (moderately wounded)
The magic dart hits Grinder.
Grinder is moderately wounded.
Casting: Magic Dart (safe; 3% risk of failure)
Confirm with . or Enter, or press ? or * to list all spells.
Aiming: Magic Dart (safe; 3% risk of failure)
Press: ? - help, Shift-Dir - straight line, f/p - Grinder
Aim: Grinder (moderately wounded)
The magic dart hits Grinder.
Grinder is heavily wounded.
Casting: Magic Dart (safe; 3% risk of failure)
Confirm with . or Enter, or press ? or * to list all spells.
You don't have enough magic to cast that spell.
Casting: Magic Dart (safe; 3% risk of failure)
Confirm with . or Enter, or press ? or * to list all spells.
You don't have enough magic to cast that spell.
Casting: Magic Dart (safe; 3% risk of failure)
Confirm with . or Enter, or press ? or * to list all spells.
You don't have enough magic to cast that spell.
Grinder blinks!
Found 23 stones.
Casting: Magic Dart (safe; 3% risk of failure)
Confirm with . or Enter, or press ? or * to list all spells.
Aiming: Magic Dart (safe; 3% risk of failure)
Press: ? - help, Shift-Dir - straight line, f/p - Grinder
Aim: Grinder (heavily wounded)
The magic dart hits Grinder.
Grinder is heavily wounded.
Unknown command.
Found a scroll labeled BOUSAI FUISAKK and 31 stones.
Found 9 gold pieces.
You see here 23 stones.
A gnoll and an orc come into view.
A gnoll comes into view.
The gnoll shouts!
Found a stone staircase leading up.
The orc shouts!
A gnoll comes into view.
Found a robe.
Found a ration.
A worm and a kobold come into view.
You see here a ration.
Grinder gestures at you. You resist with significant effort.
Grinder blinks!
Grinder closely misses you. The gnoll closely misses you.
Grinder blinks!
Found a scroll labeled WEDDYWN UBANE.
The gnoll shouts!
Found a stone staircase leading down.
A scorpion comes into view.
Grinder blinks!
Grinder gestures at you.
You suddenly lose the ability to move!
Grinder says, "DUCK!"
The gnoll hits you.
* * * LOW HITPOINT WARNING * * *
The gnoll hits you from afar with a spear!
You die...

.### ..... . #.#. ###..
.......######.....
#..###..##........
.##........@.........#
...........g.........#.
....#.##..g....s.......
#........#...........#
####>....5.##..........
...#.................
............#$.(#..##
...........#...?...##
...........#.##..#..##


You could see Grinder, a scorpion and 2 gnolls.

Vanquished Creatures
  3 adders (D:2)
  A dart slug (D:1)
  A leopard gecko (D:1)
  2 giant cockroaches (D:1)
  4 hobgoblins
  3 jackals (D:2)
  A kobold (D:1)
  7 bats
  A frilled lizard (D:1)
  9 goblins
  5 rats (D:1)
37 creatures vanquished.

Notes
Turn   | Place    | Note
-------+----------+-------------------------------------------
     0 | D:1      | Amnesiac the Mummy Conjurer began the quest for the Orb.
     0 | D:1      | Reached XP level 1. HP: 13/13 MP: 4/4
   193 | D:1      | Reached XP level 2. HP: 19/19 MP: 4/6
  1026 | D:1      | Reached XP level 3. HP: 24/24 MP: 0/8
  1826 | D:3      | Noticed Grinder
  1833 | D:3      | Paralysed by Grinder for 4 turns
  1876 | D:3      | Noticed a scorpion
  1881 | D:3      | Paralysed by Grinder for 3 turns
  1882 | D:3      | Slain by a gnoll

Vault maps used:
D:1:      mrwooster_arrival_statue_2
D:3:      first_ration, uniq_natasha, uniq_grinder

Skill      XL: |  1  2  3 |
---------------+----------+-----
Spellcasting   | 3 4 |  4.0
Conjurations   | 4 |  4.1
Dodging        | |  1.5
Stealth        | |  1.5

Action                   || total
-------------------------++-------
Melee: Unarmed           ||    21
       Dagger            ||    15
 Cast: Magic Dart        ||    97
Armor: Robe              ||     5
Dodge: Dodged            ||    55

Table legend:
 A = Spawn XP
 B = Non-spawn XP
 C = Spawn XP percentage of total XP
 D = Spawn monster count
 E = Non-spawn monster count
 F = Spawn count percentage of total count
 G = Total turns spent on level
                    A         B        C        D         E        F      G
               +---------+---------+-------+---------+---------+-------+---------
         Total |       0 |      94 |   0.0 |       0 |      37 |   0.0 |  1882
               +---------+---------+-------+---------+---------+-------+---------
           D:1 |       0 |      41 |   0.0 |       0 |      25 |   0.0 |  1174
           D:2 |       0 |      53 |   0.0 |       0 |      12 |   0.0 |   652
               +---------+---------+-------+---------+---------+-------+---------
